 Dungeon Crawl Stone Soup version 0.28.0 (webtiles) character file.

Game seed: 16866886190250415207

64 issech the Cudgeller (level 3, -1/36 HPs)
             Began as a Troll Monk on Feb 13, 2022.
             Slain by Natasha (6 damage)
             ... on level 2 of the Dungeon.
             The game lasted 00:04:38 (1032 turns).

issech the Cudgeller (Troll Monk)                   Turns: 1032, Time: 00:04:38

Health: -1/36      AC:  4    Str: 19    XL:     3   Next: 91%
Magic:  2/2        EV: 10    Int:  6    God:
Gold:   32         SH:  0    Dex: 14    Spells: 2/2 levels left

rFire   . . .      SeeInvis .   a - +0 mace
rCold   . . .      Faith    .   (no shield)
rNeg    . . .      Spirit   .   b - +0 robe
rPois   .          Reflect  .   (helmet restricted)
rElec   .          Harm     .   h - scarf {repulsion}
rCorr   .          Rampage  .   (gloves unavailable)
Will    .....                   (boots unavailable)
Stlth   ++........              (no amulet)
HPRegen 0.92/turn               (no ring)
MPRegen 0.08/turn               (no ring)

@: repel missiles
A: large, unfitting armour, claws 3, regeneration 1, shaggy fur 1, tough skin 1
a: no special abilities


You were on level 2 of the Dungeon.
You visited 1 branch of the dungeon, and saw 2 of its levels.

You collected 32 gold pieces.

Inventory:

Hand Weapons
 a - a +0 mace (weapon)
Missiles
 e - 5 stones (quivered)
 i - 18 bolts
Armour
 b - a +0 robe (worn)
 h - a scarf of repulsion (worn)
Scrolls
 c - a scroll of identify {unknown}
 f - 2 scrolls of enchant weapon {unknown}
Potions
 d - 2 potions of curing {unknown}
 g - a potion of berserk rage {unknown}


   Skills:
 + Level 2.8 Fighting
 + Level 3.5 Maces & Flails
 + Level 2.9 Dodging
 + Level 1.2 Stealth


You had 2 spell levels left.
You didn't know any spells.
Your spell library contained the following spells:

 Spells                   Type           Power      Damage    Failure   Level
 Blink                    Tloc           0%         N/A       58%         2
 Manifold Assault         Tloc           0%         N/A       100%        5
 Storm Form               Tmut/Air       0%         N/A       100%        7


Dungeon Overview and Level Annotations

Branches:
Dungeon (2/15)

Altars:

Annotations:
D:2 Natasha


Innate Abilities, Weirdness & Mutations

You are too large for most types of armour.
You have claws for hands.
Your natural rate of healing is unusually fast.
You are covered in fur. (AC +1)
You have tough skin. (AC +1)


Message History

You barely miss Robin.
Robin is moderately wounded.
The ball python bites you. Natasha casts a spell at you.
The magic dart hits you. Robin barely misses you.
You hit Robin.
Robin is severely wounded.
The ball python bites you.
Natasha zaps a wand.
The puff of flame hits you. Robin hits you with a +2 vorpal spear.
The ball python bites you but does no damage.
You hit Robin.
Robin is severely wounded.
Natasha barely misses you.
Robin says, "My goblins will feast on your bones."
Robin closely misses you. The ball python barely misses you.
Natasha barely misses you.
You hit Robin but do no damage.
Robin is severely wounded.
The ball python bites you but does no damage.
Robin completely misses you.
Natasha zaps a wand.
The puff of flame is repelled.
The puff of flame hits Robin.
Robin dies!
The ball python bites you but does no damage.
You hit the ball python.
You kill the ball python!
Natasha claws you. The shadow imp closely misses you.
You closely miss the shadow imp.
The shadow imp disappears in a puff of smoke!
Natasha claws you.
* * * LOW HITPOINT WARNING * * *
The goblin barely misses you.
A ball python comes into view.
Natasha claws you!
* * * LOW HITPOINT WARNING * * *
The goblin closely misses you.
Things that are here:
a +2 vorpal spear; a +0 animal skin; a +0 helmet
Okay, then.
You barely miss Natasha. Natasha claws you.
You die...

g...$
......#
###g.....##
#..g.......
#.# .S.....
♣)##.....
♣)g#...
♣.h#.##
♣..@..#
##.#..#
......#
..#######
... .. .


You could see Natasha, a goblin and a ball python (wandering).

Vanquished Creatures
  An adder (D:2)
  An endoplasm (D:1)
  3 giant cockroaches (D:1)
  5 hobgoblins
  2 jackals (D:1)
  6 kobolds (D:1)
  8 ball pythons
  A bat (D:1)
  11 goblins
  3 rats (D:1)
41 creatures vanquished.

Vanquished Creatures (others)
  Robin (D:2)
  2 plants (D:2)
3 creatures vanquished.

Grand Total: 44 creatures vanquished

Notes
Turn   | Place    | Note
-------+----------+-------------------------------------------
     0 | D:1      | issech the Troll Monk began the quest for the Orb.
     0 | D:1      | Reached XP level 1. HP: 22/22 MP: 0/0
   207 | D:1      | Reached XP level 2. HP: 29/29 MP: 1/1
   225 | D:1      | Reached skill level 3 in Maces & Flails
   290 | D:1      | Found a faded altar of an unknown god.
   708 | D:1      | Reached XP level 3. HP: 36/36 MP: 2/2
   895 | D:2      | Noticed Robin
   968 | D:2      | Noticed Natasha
  1027 | D:2      | Killed Robin
  1032 | D:2      | Slain by Natasha

Illustrated notes

Levels and vault maps discovered:
D:1:      scummos_arrival_star, layout_basic, serial_glass, glass_columns_a,
          glass_columns_a, glass_columns_a, glass_columns_b, glass_columns_b,
          glass_columns_b, glass_columns_a, glass_columns_b,
          ebering_ecumenical_altar_rust, chequers_serial_rivers_micro_b,
          minmay_tripent
D:2:      layout_basic, serial_forest, infiniplex_forest_straight_1,
          infiniplex_forest_clump_tiny, infiniplex_forest_join,
          infiniplex_forest_clump_medium, infiniplex_forest_end_3,
          infiniplex_forest_clump_medium, infiniplex_forest_end_1, basic_altar,
          minmay_misc_feat_columns, chequers_serial_rivers_room_b, uniq_jessica,
          uniq_robin, uniq_natasha

Skill      XL: |  1  2 |
---------------+-------+-----
Maces & Flails | 3 |  3.5
Fighting       | |  2.8
Dodging        | |  2.9
Stealth        | |  1.2

Action                   || total
-------------------------++-------
Melee: Mace              ||   120
 Stab: Sleeping          ||     2
Armor: Robe              ||    48
Dodge: Dodged            ||    93
       Repelled          ||     1
